Cogmind - Beta 11 X7 @@@ ROGUE MODE // 2021.12.08 @ 19:05:33 // AFD2021/Volatile Player: kasaphescent Result: Destroyed self via exploding Plasma Injector Performance ------------- Evolutions (0) 0 Regions Visited (3) 600 Robots Destroyed (5) 25 Value Destroyed (226) 226 Prototype IDs (24) 480 Alien Tech Used (0) 0 Bonus (-1331) -1331 TOTAL SCORE: 0 Bonus ------- Follower Combat Kills 60 Aligned with FarCom 300 Friendly Fire -1691 Cogmind --------- Core Integrity 0/250 Matter 260/300 Energy 91/100 System Corruption 0% Temperature Cool (38) Movement Treading (160) Location -10/Exiles Parts ------- > --- POWER (1) -------- (None) > --- PROPULSION (2) --- Improved Treads Improved Treads > --- UTILITY (2) ------ Small Storage Unit > --- WEAPON (2) ------- (None) > --- INVENTORY (8) ---- Ion Engine Aluminum Leg Lightpack 2.0 Hardened Light Armor Plating Peak State ------------ > --- POWER ------------ Ion Engine > --- PROPULSION ------- Aluminum Leg Aluminum Leg > --- UTILITY ---------- Decoy Drone Bay > --- WEAPON ----------- Assault Rifle Plasma Flamer > --- INVENTORY -------- Ion Engine Improved Treads Improved Treads [Rating: 23] Favorites ----------- Power Ion Engine Engine Ion Engine Propulsion Aluminum Leg Treads Improved Treads Leg Aluminum Leg Utility Small Storage Unit Device Improved Heat Sink Storage Small Storage Unit Protection Hardened Light Armor Plating Weapon Assault Rifle Ballistic Gun Assault Rifle Special Weapon Plasma Flamer Build | -11 -10 -10 -10 ------- Run | Scr Mat Min Exi Slots Evolved . | . . . . Power . | . . . . Propulsion . | . . . . Utility . | . . . . Weapon . | . . . . Parts Attached 16 | 6 2 3 5 Power 1 | 1 . . . Engine 1 | 1 . . . Core . | . . . . Reactor . | . . . . Propulsion 4 | 2 . . 2 Treads 2 | . . . 2 Leg 2 | 2 . . . Wheel . | . . . . Hover . | . . . . Flight . | . . . . Utility 7 | 1 1 2 3 Device 4 | . . 2 2 Storage 2 | 1 . . 1 Processor . | . . . . Hackware . | . . . . Protection 1 | . 1 . . Artifact . | . . . . Weapon 4 | 2 1 1 . Energy Gun . | . . . . Energy Cannon . | . . . . Ballistic Gun 3 | 2 1 . . Ballistic Cannon . | . . . . Launcher . | . . . . Special Weapon 1 | . . 1 . Impact Weapon . | . . . . Slashing Weapon . | . . . . Piercing Weapon . | . . . . Special Melee Weapon . | . . . . Unidentified Prototypes 1 | . . . 1 Parts Lost 5 | . . . 5 Power 1 | . . . 1 Propulsion 1 | . . . 1 Utility 1 | . . . 1 Weapon 2 | . . . 2 Highest Loss Streak 5 | . . . 5 Average Slot Usage (%) 98 | . 97 100 95 Engine 13 | . 14 14 13 Treads 1 | . . . 3 Leg 26 | . 28 28 24 Device 9 | . . 12 12 Storage 13 | . 14 14 11 Protection 3 | . 11 1 . Ballistic Gun 18 | . 28 15 14 Special Weapon 9 | . . 12 14 Naked Turns . | . . . . Heaviest Build 24 | 13 18 18 24 Greatest Support 46 | 20 20 20 46 Greatest Overweight (x) 1 | 1 . . 1 Average Overweight (x) . | . . . . Largest Inventory Capacity 8 | 8 8 8 8 Average Capacity 7 | 7 8 8 7 Most Carried 8 | 6 8 8 8 Average Carried 7 | 3 7 7 6 Final Capacity 8 | 8 8 8 8 Final Carried 8 | 6 8 8 6 Class Distribution -------------------- 100% | Mutant Dominant Class ---------------- Mutant | -10/Materials Mutant | -10/Mines Mutant | -10/Exiles Resources | -11 -10 -10 -10 ----------- Run | Scr Mat Min Exi Matter Collected 362 | 205 127 30 . Remotely . | . . . . Salvage Created 188 | . 181 . 7 Parts 13 | . 13 . . Haulers Intercepted . | . . . . Recyclers Shooed . | . . . . Parts Field Recycled . | . . . . Retrieved Matter . | . . . . Parts Self-Destructed . | . . . . Prevented . | . . . . Kills | -11 -10 -10 -10 ------- Run | Scr Mat Min Exi Combat Hostiles Destroyed 6 | . 5 . 1 Guns 3 | . 3 . . AOE 3 | . 2 . 1 Classes Destroyed 2 | . 1 . 1 Grunt 5 | . 5 . . Assembled 1 | . . . 1 Best Kill Streak 4 | . 4 . 1 Combat Bots Only 4 | . 4 . 1 Max Kills in Single Turn 3 | . 3 . 1 Gunslinging . | . . . . Exploded 2 | . 2 . 1 Melee . | . . . . Uniques/NPCs Destroyed . | . . . . Combat | -11 -10 -10 -10 -------- Run | Scr Mat Min Exi Damage Taken 1094 | . 221 . 873 Core 282 | . 48 . 234 Absorbed by Shields . | . . . . Core Remaining (%) 100 | 100 . . . Volleys Fired 27 | . 13 5 9 Largest 2 | . 2 1 2 Hottest 120 | . 40 100 120 Shots Fired 42 | . 26 5 11 Gun 31 | . 26 . 5 Cannon . | . . . . Launcher . | . . . . Special 11 | . . 5 6 Kinetic 31 | . 26 . 5 Thermal 11 | . . 5 6 Explosive . | . . . . Electromagnetic . | . . . . Robot Hit Streak 5 | . 5 . 3 Robot Miss Streak 4 | . 2 . 4 Penetration Max . | . . . . Secondary Targets . | . . . . Shots Hit Robots 22 | . 18 . 4 Core Hits 54 | . 12 . 42 Critical Kills . | . . . . Critical Parts Destroyed . | . . . . Critical Strikes 1 | . . . 1 Burn 1 | . . . 1 Melee Attacks . | . . . . Impact . | . . . . Slashing . | . . . . Piercing . | . . . . Sneak Attacks . | . . . . Combat Hostiles . | . . . . Follow-up Attacks . | . . . . Damage Inflicted 2265 | . 567 . 1698 Guns 212 | . 188 . 24 Cannons . | . . . . Explosions 1971 | . 379 . 1592 Melee . | . . . . Ramming . | . . . . Kinetic 212 | . 188 . 24 Thermal 901 | . 328 . 573 Explosive 512 | . 51 . 461 Electromagnetic 640 | . . . 640 Impact . | . . . . Slashing . | . . . . Piercing . | . . . . Highest Corruption . | . . . . Average Corruption . | . . . . Corruption Purged . | . . . . Overload Shots . | . . . . Overflow Damage 139 | . 39 . 100 Projectiles . | . . . . Explosions 139 | . 39 . 100 Melee . | . . . . Knockbacks . | . . . . Impact . | . . . . Kinetic . | . . . . Secondary . | . . . . Self-Inflicted Damage 370 | . . . 370 Shots 11 | . . . 11 Rammed . | . . . . Targets Rammed . | . . . . Kicked . | . . . . Crushed . | . . . . Highest Temperature 174 | . 126 94 174 Average Temperature 59 | . 68 46 52 Received Heat Transfer 192 | . 132 . 60 Siege Activations . | . . . . Robots Corrupted . | . . . . Combat Hostiles . | . . . . Parts Fried . | . . . . Impact Corruptions . | . . . . Robots Melted 1 | . . . 1 Combat Hostiles . | . . . . Parts Melted . | . . . . Heat Transferred 1790 | . 200 . 1590 Parts Sabotaged . | . . . . Parts Stolen . | . . . . Parts Stripped . | . . . . Power Chain Reactions . | . . . . Missiles Intercepted . | . . . . Alert | -11 -10 -10 -10 ------- Run | Scr Mat Min Exi Peak Influence . | . . . . Initial 58 | . . 58 . Average . | . . . . Maximum Alert Level . | . . . . Low Security (%) 100 | 100 100 100 . Level 1 . | . . . . Level 2 . | . . . . Level 3 . | . . . . Level 4 . | . . . . Level 5 . | . . . . High Security . | . . . . Max Security . | . . . . Squads Dispatched . | . . . . Investigation . | . . . . Extermination . | . . . . Reinforcement . | . . . . Assault . | . . . . Garrison . | . . . . Intercept . | . . . . Construction Impeded . | . . . . Haulers Reinforced . | . . . . Active Scanning Responses . | . . . . Cargo Convoy Interrupts . | . . . . Stealth | -11 -10 -10 -10 --------- Run | Scr Mat Min Exi Distress Signals 1 | . 1 . . Communications Jammed . | . . . . Distress Signals . | . . . . Times Spotted 17 | . 8 2 7 Peak Tracking Total 9 | . 5 2 9 Tactical Retreats . | . . . . Traps | -11 -10 -10 -10 ------- Run | Scr Mat Min Exi Traps Triggered . | . . . . Indirectly . | . . . . Trap Hack Attempts . | . . . . Triggered . | . . . . Disarmed . | . . . . Reprogrammed . | . . . . Reused . | . . . . Traps Extracted . | . . . . Installed . | . . . . Triggered . | . . . . Machines | -11 -10 -10 -10 ---------- Run | Scr Mat Min Exi Machines Disabled 5 | . 2 1 2 Max in Single Turn 2 | . 1 . 2 Machines Sabotaged . | . . . . Garrisons Compromised . | . . . . Overloaded Fab Kills . | . . . . Fab Network Shutdowns . | . . . . Hacking | -11 -10 -10 -10 --------- Run | Scr Mat Min Exi Machines Accessed 2 | . . 1 1 Terminals . | . . . . Fabricators . | . . . . Repair Stations . | . . . . Recycling Units . | . . . . Scanalyzers . | . . . . Garrison Access . | . . . . Total Hacks 2 | . . 1 1 Successful 2 | . . 1 1 Failed . | . . . . Catastrophic . | . . . . Database Lockouts . | . . . . Manual 1 | . . . 1 Terminals . | . . . . Fabricators . | . . . . Repair Stations . | . . . . Recycling Units . | . . . . Scanalyzers . | . . . . Garrison Access . | . . . . Terminal Hacks 2 | . . 1 1 Open Door 1 | . . 1 . EX-Prototype ID Bank 1 | . . . 1 Fabricator Hacks . | . . . . Repair Station Hacks . | . . . . Recycling Unit Hacks . | . . . . Scanalyzer . | . . . . Garrison Access Hacks . | . . . . Unauthorized Hacks . | . . . . Terminals . | . . . . Fabricators . | . . . . Repair Stations . | . . . . Recycling Units . | . . . . Scanalyzers . | . . . . Garrison Access . | . . . . Data Cores Recovered . | . . . . Used . | . . . . Hacking Detections . | . . . . Full Trace Events . | . . . . Feedback Events . | . . . . Feedback Blocked . | . . . . Robot Schematics Acquired . | . . . . Robots Built . | . . . . Matter . | . . . . Time . | . . . . Total Robot Build Rating . | . . . . Part Schematics Acquired . | . . . . Parts Built . | . . . . Matter . | . . . . Time . | . . . . Total Part Build Rating . | . . . . Parts Repaired . | . . . . Time . | . . . . Parts Recycled . | . . . . Recycled Matter . | . . . . Retrieved Matter . | . . . . Retrieved Components . | . . . . Parts Scanalyzed . | . . . . Part Schematics Acquired . | . . . . Parts Damaged . | . . . . Bothacking | -11 -10 -10 -10 ------------ Run | Scr Mat Min Exi Used RIF Installer . | . . . . Robots Hacked . | . . . . Non-combat . | . . . . Combat . | . . . . Robot Hacks Applied . | . . . . Relay Couplers Released . | . . . . Robots Rewired . | . . . . Allies Hacked . | . . . . Hacks Repelled . | . . . . Allies | -11 -10 -10 -10 -------- Run | Scr Mat Min Exi Total Allies 1 | . . 1 . Largest Group 1 | . . 1 1 Highest-Rated Group 31 | . . 31 31 Highest-Rated Ally 31 | . . 31 31 Total Orders . | . . . . Ally Attacks 4 | . . 4 . Total Damage 154 | . . 154 . Kills 2 | . . 2 . Allies Corrupted . | . . . . Allies Melted . | . . . . Intel | -11 -10 -10 -10 ------- Run | Scr Mat Min Exi Robot Analysis Total . | . . . . Derelict Logs Recovered 1 | . . 1 . Drone Launches 16 | . . . 16 Drone Recoveries . | . . . . Exploration | -11 -10 -10 -10 ------------- Run | Scr Mat Min Exi Turns Passed 855 | 59 195 343 258 Spaces Moved 582 | 36 124 264 158 Core 5 | 5 . . . Treads 10 | . . . 10 Legs 567 | 31 124 264 148 Wheels . | . . . . Hover . | . . . . Flight . | . . . . Fastest Speed 50 | 50 120 120 120 Average Speed 121 | 125 120 120 123 Slowest Speed 200 | 200 120 120 200 Overloaded Moves . | . . . . Propulsion Burnouts . | . . . . Robots Hopped . | . . . . Cave-ins Triggered . | . . . . Exploration Rate (%) 32 | 3 37 49 42 Regions Visited 3 Branch Regions 2 Pre-discovered Areas . | . . . . Known Exits Taken . | . . . . Unknown Exits Taken 3 | 1 1 1 . Scrap Searched . | . . . . Spaces Dug . | . . . . Terrain Destroyed 40 | . 8 . 32 Melee . | . . . . Projectile . | . . . . AOE 40 | . 8 . 32 Terrain Rammed . | . . . . Walls Destroyed . | . . . . Machines Disabled . | . . . . Actions | -11 -10 -10 -10 --------- Run | Scr Mat Min Exi Total 690 | 47 151 283 209 Wait 37 | . . 7 30 Move 579 | 35 123 263 158 Hop . | . . . . Pick Up 16 | 6 7 1 2 Fast Attach 11 | 6 1 2 2 Attach 3 | . . . 3 Detach 2 | . . . 2 Swap 2 | . 1 1 . Drop 13 | . 6 4 3 Fire 27 | . 13 5 9 Melee . | . . . . Ram . | . . . . Kick . | . . . . Crush . | . . . . Escape Stasis . | . . . . Rewire . | . . . . Trap . | . . . . Miscellaneous . | . . . . Route ------- -11/Scrapyard -10/Materials -10/Mines -10/Exiles History --------- Turn | Location | Event 20 | -11/Scrapyard | Discovered new exit (range 15) 60 | -11/Scrapyard | Entered Materials 230 | -10/Materials | Discovered new exit (range 6) 255 | -10/Materials | Entered Mines 288 | -10/Mines | A weapon hastily lodged in a ceiling crevice suddenly fell to the ground 313 | -10/Mines | Build established: Mutant 418 | -10/Mines | Received a Mining Laser from a helpful Derelict 425 | -10/Mines | Learned location of 1 exit from Materials 489 | -10/Mines | Found the Drone Emporium 502 | -10/Mines | Found Prototype Device 587 | -10/Mines | Deemed a non-threat by the Exiles lab entrance 588 | -10/Mines | Discovered new exit (range 5) 598 | -10/Mines | Entered Exiles 598 | -10/Exiles | Accompanied by 1 ally 627 | -10/Exiles | Met 8R-AWN 649 | -10/Exiles | Met EX-HEX 681 | -10/Exiles | Met EX-BIN 698 | -10/Exiles | Aligned with FarCom system 699 | -10/Exiles | Given EX-Vault access code 735 | -10/Exiles | Opened EX-Vault 748 | -10/Exiles | Identified Decoy Drone Bay 794 | -10/Exiles | Found Lightpack 2.0 824 | -10/Exiles | Attacked by the Exiles 824 | -10/Exiles | Core integrity fell below 50% 851 | -10/Exiles | Core integrity fell below 20% 856 | -10/Exiles | Destroyed self via exploding Plasma Injector Last Messages --------------- 00823_ Decoy Drone destroyed. 00823_ Destroyed Mak. Power Source. 00823_ EX-Vault Access disabled. 00823_ Decoy Drone destroyed. 00823_ Destroyed Mak. Microthruster. 00823_ Decoy Drone destroyed. 00823_ EX-Prototypes Database disabled. 00823_ Aluminum Leg destroyed. 00823_ Destroyed Aluminum Leg. 00824_ EXILES: Hostile robot within lab perimeter. Defensive protocols time, folks! 00848_ Ion Engine destroyed. 00850_ Imp. Heat Sink destroyed. 00852_ Plasma Flamer destroyed. 00852_ Assault Rifle destroyed. 00856_ as-06295 destroyed. 00856_ as-21697 destroyed. 00856_ as-80259 destroyed. 00856_ as-87210 destroyed. 00856_ as-24028 destroyed. Map ----- +----------------------------------------------------+ | | | | | | | | | | | | | | | | | | | | | | | ?????????????????????#########???????????????????? | | ?????????????????????# / #???????????????????? | | ?????????????????????# ! #???????????????????? | | ?????????????????????# #???????????????????? | | ???????????????????### #???????????????????? | | ??????????????????## ## ###??????????????????? | | ??????????????????# #??????????????????? | | ??????????????????# #??????????????????? | | ??????????????????# #??????????????????? | | ??????????????????# #?#####????????????? | | ??????????????????# # #""""""#????????????? | | ????????????????????## ## """#????????????? | | ?????????????????????# X""#????????????? | | ?????????????????????# # """#????????????? | | ????????????????####?# @ ;#?"""""#????????????? | | ????????????????"""""# #??#####????????????? | | ???????????????"""" # #??????????????????? | | ??????????????#""X" #??????????????????? | | ??????????????#" ;##??????????????????? | | ??????????????#" #; ##???????????????????? | | ??????????????#""""""## #?#########??????????? | | ???????????????#"###??# #?#"""""""#??????????? | | ??????????????????????# #?#"""""""#??????????? | | ??????????????????????# #?#"""""""#??????????? | | ?????????????????????## a ###"" """"#??????????? | | ?????????????????????#" a """"#??????????? | | ?????????????????????#" """#??????????? | | ?????????????????????#" """#??????????? | | ?????????????????????#" """#??????????? | | ?????????????????????#" """#??????????? | | ?????????????????????#" """##?????????? | | ?????????????????????## """""?????????? | | ??????????????????????# """##?????????? | | ??????????????????????#" "X" """""?????????? | | ??????????????????????#" """ #??????????? | | ??????????????????????#" """""""""#??????????? | | ?????????????????????##" ###########??????????? | | ????????????????????##"" #????????????????????? | | ??????????????????###"" #????????????????????? | +----------------------------------------------------+ Best States ------------- Heat Dissipation 39 Energy Generation 10 Energy Capacity 250 Matter Stores 300 Matter Capacity 300 Sight Range 16 Terrain Scan Density 10 Armor Coverage 150 Evasion (%) 55 Recoil Reduction 2 Item Schematics ----------------- None Robot Schematics ------------------ None Fabricated ------------ Nothing Alien Tech Used ----------------- None Achievements -------------- None Challenges ------------ None Game ------ Seed ImprinterSupercompositeBlade Manual? 0 Play Time 00:09:51 Cumulative 177.8 hours Start 2021.12.08 @ 18:57:13 End 2021.12.08 @ 19:05:33 Sessions 1 Manual Loads 0 Difficulty Rogue Special Mode AFD2021/Volatile Game No. 127 Rogue 127 Adventurer 0 Explorer 0 Win Type - Total 3 Types 3/0/0/0/0/0/0/0/0 Lore% 57 Gallery% 75 Achievement% 52 Wizard Run 0 Options --------- ASCII 0 Keyboard 1 Movement Numpad Keybinds 0 Fullscreen 1 Font 18/SmallcapsGlow Map View 76x50 Tactical HUD 1 Map Filters NONE Filters NONE Steam 1 RUN: a0833229-8a1b-43a7-a36f-2bed09d0c47b